Cogmind - Beta 15 @@@ ROGUE MODE // 2025.05.23 @ 12:34:48 Player: PieTheDye Result: Destroyed by Cetus Guard with Advanced KE Penetrator Performance ------------- Evolutions (6) 3000 Regions Visited (14) 2800 Robots Destroyed (50) 250 Value Destroyed (1417) 1417 Prototype IDs (31) 620 Alien Tech Used (0) 0 Bonus (1154) 1154 TOTAL SCORE: 9241 Bonus ------- Follower Combat Kills 354 Entered DSFs 500 Aligned with FarCom 300 Cogmind --------- Core Integrity 0/1150 Matter 294/300 Energy 99/100 System Corruption 3% Temperature Cool (0) Movement Core (50) Location -4/Cetus Parts ------- > --- POWER (2) -------- (None) > --- PROPULSION (6) --- (None) > --- UTILITY (9) ------ (None) > --- WEAPON (2) ------- (None) > --- INVENTORY (5) ---- Neutrino Core Neutrino Core Neutrino Core Improved Field Recycling Unit (0) Field Laser Peak State ------------ > --- POWER ------------ Neutrino Core Neutrino Core > --- PROPULSION ------- Medium Treads Medium Treads Medium Treads Medium Treads Improved Medium Treads Improved Medium Treads > --- UTILITY ---------- Experimental Heat Sink Small Storage Unit Advanced Visual Processing Unit Advanced Signal Interpreter Advanced Terrain Scan Processor Advanced Targeting Computer Quantum Capacitor Hacking Suite > --- WEAPON ----------- Field Laser Enhanced Nova Cannon > --- INVENTORY -------- Improved Medium Treads Improved Medium Treads Improved Field Recycling Unit Force Lance [Rating: 92] Favorites ----------- Power Light Ion Engine Engine Light Ion Engine Power Core Neutrino Core Propulsion Medium Treads Treads Medium Treads Leg Aluminum Leg Hover Unit Gravmag System Flight Unit Xenon Bombardment Thruster Utility Advanced Visual Processing Unit Device Seismic Detector Storage High-capacity Storage Unit Processor Advanced Visual Processing Unit Hackware Hacking Suite Protection Improved Medium Armor Plating Weapon Light Assault Rifle Energy Gun Medium Laser Energy Cannon Enhanced Nova Cannon Ballistic Gun Light Assault Rifle Ballistic Cannon Flak Cannon Launcher Grenade Launcher Piercing Weapon Force Lance Build | -11 -10 -10 -10 -9 -8 -7 -6 -5 -5 -5 -5 -4 -4 -4 ------- Run | Yrd Mat Min Exi Min Mat Fac Fac Fac Was Fac DSF Fac Ext Cet Slots Evolved 12 | . . . . . 4 2 2 2 . . . 2 . . Power 1 | . . . . . . . . 1 . . . . . . Propulsion 4 | . . . . . 2 . 1 1 . . . . . . Utility 7 | . . . . . 2 2 1 . . . . 2 . . Weapon . | . . . . . . . . . . . . . . . Parts Attached 82 | 8 2 4 1 . 35 8 2 1 1 3 6 . 11 . Power 12 | 2 1 . . . 4 . 1 . . . . . 4 . Engine 6 | 2 1 . . . 3 . . . . . . . . . Core 6 | . . . . . 1 . 1 . . . . . 4 . Reactor . | . . . . . . . . . . . . . . . Propulsion 32 | 2 . 2 . . 15 1 1 . 1 2 6 . 2 . Treads 10 | 2 . . . . . . . . . . 6 . 2 . Leg 12 | . . 2 . . 10 . . . . . . . . . Wheel . | . . . . . . . . . . . . . . . Hover 1 | . . . . . . . 1 . . . . . . . Flight 9 | . . . . . 5 1 . . 1 2 . . . . Utility 23 | 2 1 . 1 . 10 5 . 1 . 1 . . 2 . Device 8 | 1 . . . . 3 2 . 1 . . . . 1 . Storage 3 | 1 1 . 1 . . . . . . . . . . . Processor 6 | . . . . . 2 3 . . . 1 . . . . Hackware 1 | . . . . . . . . . . . . . 1 . Protection 5 | . . . . . 5 . . . . . . . . . Artifact . | . . . . . . . . . . . . . . . Weapon 15 | 2 . 2 . . 6 2 . . . . . . 3 . Energy Gun 7 | 1 . 1 . . 2 2 . . . . . . 1 . Energy Cannon 1 | . . . . . . . . . . . . . 1 . Ballistic Gun 2 | 1 . . . . 1 . . . . . . . . . Ballistic Cannon 2 | . . . . . 2 . . . . . . . . . Launcher 2 | . . 1 . . 1 . . . . . . . . . Special Weapon . | . . . . . . . . . . . . . . . Impact Weapon . | . . . . . . . . . . . . . . . Slashing Weapon . | . . . . . . . . . . . . . . . Piercing Weapon 1 | . . . . . . . . . . . . . 1 . Special Melee Weapon . | . . . . . . . . . . . . . . . Unidentified Prototypes 4 | . . . . . 1 1 . 1 1 . . . . . Parts Lost 34 | . . 1 . . 11 6 5 1 . . 4 . 6 . Power 5 | . . . . . 2 1 . . . . . . 2 . Propulsion 17 | . . 1 . . 5 1 5 . . . 2 . 3 . Utility 5 | . . . . . 1 2 . . . . 2 . . . Weapon 7 | . . . . . 3 2 . 1 . . . . 1 . Highest Loss Streak 6 | . . 1 . . 6 5 4 1 . . 4 . 2 . To Critical Strikes . | . . . . . . . . . . . . . . . Average Backups 9 | 2 6 14 16 15 14 3 4 3 4 3 2 5 5 5 Power 1 | . 1 2 3 3 2 . . 1 1 . . . . 3 Propulsion 2 | 1 2 5 5 4 3 1 . . 2 . . 2 1 . Utility 2 | . 1 2 2 3 4 1 1 1 1 1 1 1 1 1 Weapon 2 | . 1 3 4 4 3 . 1 . . 1 1 1 . 1 Tool/Special . | . . . . . . . . . . . . . . . Unused Backups 15 | . . . 2 . 6 . . . . . . . 3 4 Power 6 | . . . . . 2 . . . . . . . 1 3 Propulsion 5 | . . . 1 . 2 . . . . . . . 2 . Utility 2 | . . . . . 1 . . . . . . . . 1 Weapon 1 | . . . 1 . . . . . . . . . . . Tool/Special 1 | . . . . . 1 . . . . . . . . . Average Slot Usage (%) 81 | . 99 99 100 100 85 91 51 33 37 57 63 62 80 . Engine 6 | . 14 14 14 14 6 6 . . . . . . . . Core 2 | . . . . . 2 . 1 . . 3 5 4 7 . Treads 10 | . 28 15 . . . . . . . . 11 31 27 . Leg 10 | . . 11 28 28 25 . . . . . . . . . Flight 4 | . . . . . . 29 22 . 2 13 9 . . . Device 9 | . 13 14 14 14 3 12 6 15 17 17 12 5 9 . Storage 6 | . 14 14 14 14 8 . . . . . . . 2 . Processor 12 | . . . . . 14 21 20 17 17 21 23 21 20 . Protection 2 | . . . . . 6 8 . . . . . . . . Energy Gun 7 | . 14 12 14 14 10 10 . . . . . . 2 . Ballistic Gun 4 | . 14 14 14 14 2 . . . . . . . . . Peak Build Rating 92 | 7 7 8 9 9 44 48 41 33 40 57 57 55 92 2 Average Rating 34 | 5 6 7 8 9 26 42 28 27 34 52 49 54 79 2 On Entrance 23 | . 7 7 8 9 9 34 27 14 30 40 57 55 50 2 Naked Turns 95 | . . . . . . . . . . . . . 56 39 Heaviest Build 54 | 13 48 48 47 27 46 24 8 7 3 8 8 5 54 . Greatest Support 172 | 40 40 40 20 20 72 24 22 3 8 20 144 172 172 3 Greatest Overweight (x) 3 | 1 1 2 2 1 3 2 . 2 . . 2 . 1 . Average Overweight (x) . | . . 1 1 1 . . . . . . . . . . Largest Inventory Capacity 20 | 8 20 20 20 15 15 5 5 5 5 5 5 5 8 5 Average Capacity 11 | 7 12 20 19 15 14 5 5 5 5 5 5 5 6 5 Most Carried 17 | 4 9 16 17 15 15 5 5 4 5 5 5 5 8 5 Average Carried 9 | 2 6 14 16 15 14 3 4 3 4 2 2 4 5 5 Final Capacity 20 | 8 20 20 15 15 5 5 5 5 5 5 5 5 5 5 Final Carried 16 | 4 9 16 15 15 5 5 4 4 5 2 5 5 5 5 Class Distribution -------------------- 73% | Mutant 22% | Scout 4% | Scavenger-Mutant Dominant Class ---------------- Mutant | -10/Materials Mutant | -10/Mines Mutant | -10/Exiles Mutant | -9/Mines Mutant | -8/Materials Scout | -7/Factory Scout | -6/Factory Scout | -5/Factory Scout | -5/Waste Scout | -5/Factory Mutant | -5/DSF Mutant | -4/Factory Mutant | -4/Extension Mutant | -4/Cetus Resources | -11 -10 -10 -10 -9 -8 -7 -6 -5 -5 -5 -5 -4 -4 -4 ----------- Run | Yrd Mat Min Exi Min Mat Fac Fac Fac Was Fac DSF Fac Ext Cet Matter Collected 1522 | 131 149 150 . . 691 . . . . . . . 401 . Remotely . | . . . . . . . . . . . . . . . Salvage Created 1278 | 11 163 152 . . 717 26 . . . . . . 209 . Parts 80 | 4 18 11 . . 41 1 . . . . . . 5 . Haulers Intercepted 1 | . . . . . 1 . . . . . . . . . Recyclers Shooed 1 | . . . . . 1 . . . . . . . . . Parts Field Recycled . | . . . . . . . . . . . . . . . Retrieved Matter . | . . . . . . . . . . . . . . . Parts Self-Destructed . | . . . . . . . . . . . . . . . Prevented . | . . . . . . . . . . . . . . . Kills | -11 -10 -10 -10 -9 -8 -7 -6 -5 -5 -5 -5 -4 -4 -4 ------- Run | Yrd Mat Min Exi Min Mat Fac Fac Fac Was Fac DSF Fac Ext Cet Combat Hostiles Destroyed 37 | . 8 8 . . 17 1 . . . . . . 3 . Melee 2 | . . . . . . . . . . . . . 2 . Guns 20 | . 8 3 . . 8 1 . . . . . . . . Cannons 5 | . . . . . 5 . . . . . . . . . AOE 9 | . . 5 . . 4 . . . . . . . . . Classes Destroyed 11 | 1 2 . . . 8 . . . . . . . . . Worker 5 | . . . . . 5 . . . . . . . . . Builder 3 | . . . . . 2 . . . . . . . 1 . Tunneler 1 | 1 . . . . . . . . . . . . . . Hauler 1 | . . . . . 1 . . . . . . . . . Recycler 1 | . . . . . 1 . . . . . . . . . Watcher 2 | . . . . . 2 . . . . . . . . . Swarmer 13 | . 6 6 . . . 1 . . . . . . . . Grunt 16 | . 2 2 . . 11 . . . . . . . 1 . Brawler 1 | . . . . . 1 . . . . . . . . . Sentry 3 | . . . . . 2 . . . . . . . 1 . Hunter 3 | . . . . . 3 . . . . . . . . . Thug 1 | . . . . . . . . . . . . . 1 . Best Kill Streak 12 | 1 3 3 . . 12 1 . . . . . . 2 . Combat Bots Only 8 | . 3 3 . . 8 1 . . . . . . 2 . Max Kills in Single Turn 3 | 1 1 3 . . 3 1 . . . . . . 1 . Gunslinging . | . . . . . . . . . . . . . . . Exploded 3 | . . 3 . . 1 . . . . . . . . . Melee 1 | . . . . . . . . . . . . . 1 . Uniques/NPCs Destroyed . | . . . . . . . . . . . . . . . Combat | -11 -10 -10 -10 -9 -8 -7 -6 -5 -5 -5 -5 -4 -4 -4 -------- Run | Yrd Mat Min Exi Min Mat Fac Fac Fac Was Fac DSF Fac Ext Cet Hostile Shots Fired 599 | . 57 29 . . 176 104 55 16 . . 6 51 78 27 Missed 226 | . 17 7 . . 52 52 30 7 . . . 21 31 9 Hits 373 | . 40 22 . . 124 52 25 9 . . 6 30 47 18 Melee 1 | . . . . . 1 . . . . . . . . . Projectile 372 | . 40 22 . . 123 52 25 9 . . 6 30 47 18 Critical Strikes 12 | . 1 . . . 3 1 . 2 . . . 1 2 2 Damage Taken 6276 | . 376 268 . . 1982 687 310 208 . . 257 578 1095 515 Core 2187 | . 68 82 . . 288 200 150 124 . . 107 75 578 515 Absorbed by Shields 47 | . . . . . 47 . . . . . . . . . Redirected to Shielding 101 | . . . . . . 101 . . . . . . . . Regen/Repaired (Parts) 12 | . 12 . . . . . . . . . . . . . Core Remaining (%) 69 | 100 . . . 40 47 71 82 . . . 76 . . . Volleys Fired 138 | 10 31 14 . . 66 10 . 1 . . . . 6 . Largest 2 | 2 2 2 . . 2 2 . 1 . . . . 2 . Hottest 183 | 60 60 70 . . 115 138 . 69 . . . . 183 . Shots Fired 255 | 20 51 28 . . 126 17 . 1 . . . . 12 . Gun 199 | 20 51 26 . . 80 15 . 1 . . . . 6 . Cannon 40 | . . . . . 34 . . . . . . . 6 . Launcher 16 | . . 2 . . 12 2 . . . . . . . . Special . | . . . . . . . . . . . . . . . Kinetic 113 | 10 31 14 . . 58 . . . . . . . . . Thermal 107 | 10 20 12 . . 37 15 . 1 . . . . 12 . Explosive 16 | . . 2 . . 12 2 . . . . . . . . Electromagnetic 19 | . . . . . 19 . . . . . . . . . Robot Hit Streak 11 | 5 11 4 . . 7 3 . 1 . . . . 8 . Robot Miss Streak 13 | 4 6 2 . . 13 5 . . . . . . 2 . Penetration Max . | . . . . . . . . . . . . . . . Secondary Targets 5 | . . 1 . . 3 1 . . . . . . . . Max Gunslinging Chain 1 | . . 1 . . 1 1 . . . . . . . . Shots Hit Robots 156 | 11 26 16 . . 80 8 . 1 . . . . 14 . Core Hits 128 | 2 12 11 . . 95 2 . 2 . . . . 4 . Critical Kills . | . . . . . . . . . . . . . . . Critical Parts Destroyed . | . . . . . . . . . . . . . . . Critical Strikes 5 | . . . . . 3 . . . . . . . 2 . Burn 3 | . . . . . 3 . . . . . . . . . Impale 2 | . . . . . . . . . . . . . 2 . Melee Attacks 9 | . . . . . . . . . . . . . 9 . Impact . | . . . . . . . . . . . . . . . Slashing . | . . . . . . . . . . . . . . . Piercing 9 | . . . . . . . . . . . . . 9 . Sneak Attacks 1 | . . . . . . . . . . . . . 1 . Combat Hostiles . | . . . . . . . . . . . . . . . Follow-up Attacks . | . . . . . . . . . . . . . . . Damage Inflicted 4160 | 123 270 362 . . 2603 181 5 37 . . . 11 559 9 Guns 1460 | 123 270 166 . . 666 131 . 19 . . . . 85 . Cannons 746 | . . . . . 615 . . . . . . . 131 . Explosions 1533 | . . 196 . . 1287 50 . . . . . . . . Melee 303 | . . . . . . . . . . . . . 303 . Ramming 118 | . . . . . 35 . 5 18 . . . 11 40 9 Kinetic 927 | 58 135 55 . . 679 . . . . . . . . . Thermal 1190 | 65 135 111 . . 513 131 . 19 . . . . 216 . Explosive 1310 | . . 196 . . 1064 50 . . . . . . . . Electromagnetic 312 | . . . . . 312 . . . . . . . . . Impact . | . . . . . . . . . . . . . . . Slashing . | . . . . . . . . . . . . . . . Piercing 303 | . . . . . . . . . . . . . 303 . Highest Corruption 10 | . . . . . . . 1 1 10 10 10 . 3 3 Average Corruption 3 | . . . . . . . 1 1 6 10 10 . 2 3 Corruption Purged . | . . . . . . . . . . . . . . . Corruption Blocked . | . . . . . . . . . . . . . . . Effects 37 | . . . . . . . 1 . 1 9 1 . 24 1 Message Errors 8 | . . . . . . . . . 1 2 . . 5 . Matter Fused 7 | . . . . . . . . . . . 1 . 5 1 Heat Flow Errors 6 | . . . . . . . . . . 2 . . 4 . Energy Discharges 2 | . . . . . . . . . . . . . 2 . Parts Rejected 1 | . . . . . . . . . . . . . 1 . Parts Fused 1 | . . . . . . . . . . 1 . . . . Data Loss (minor) 8 | . . . . . . . 1 . . 2 . . 5 . Alerts 4 | . . . . . . . . . . 2 . . 2 . Overload Shots . | . . . . . . . . . . . . . . . Overflow Damage 161 | . . . . . 19 . . . . . . . 142 . Projectiles 6 | . . . . . 6 . . . . . . . . . Explosions 13 | . . . . . 13 . . . . . . . . . Melee 142 | . . . . . . . . . . . . . 142 . Knockbacks 9 | . . . . . 9 . . . . . . . . . Impact . | . . . . . . . . . . . . . . . Kinetic 9 | . . . . . 9 . . . . . . . . . Secondary . | . . . . . . . . . . . . . . . Self-Inflicted Damage 152 | . . . . . 134 . 2 7 . . . 5 . 4 Shots 5 | . . . . . 5 . . . . . . . . . Rammed 15 | . . . . . . . 1 7 . . . 2 4 1 Targets Rammed 21 | . . . . . 5 . 1 7 . . . 2 5 1 Kicked 5 | . . . . . 5 . . . . . . . . . Crushed 1 | . . . . . . . . . . . . . 1 . Highest Temperature 488 | 60 108 280 . . 452 488 3 . . 234 . . 228 . Average Temperature 103 | 33 36 118 . . 113 177 1 . . 100 . . 100 . Received Heat Transfer 1570 | . 48 120 . . 774 192 57 27 . . 18 117 172 45 Effects 6 | . . . . . 5 1 . . . . . . . . Shutdowns 4 | . . . . . 3 1 . . . . . . . . Interference 1 | . . . . . 1 . . . . . . . . . Short Circuit 1 | . . . . . 1 . . . . . . . . . Siege Activations . | . . . . . . . . . . . . . . . Martial Activations . | . . . . . . . . . . . . . . . Shielding Activations . | . . . . . . . . . . . . . . . Robots Disrupted . | . . . . . . . . . . . . . . . Combat Hostiles . | . . . . . . . . . . . . . . . Robots Corrupted . | . . . . . . . . . . . . . . . Combat Hostiles . | . . . . . . . . . . . . . . . Parts Fried 1 | . . . . . 1 . . . . . . . . . Impact Corruptions . | . . . . . . . . . . . . . . . Robots Melted 1 | . . . . . . . . . . . . . 1 . Combat Hostiles 1 | . . . . . . . . . . . . . 1 . Parts Melted 2 | 1 . . . . . 1 . . . . . . . . Heat Transferred 2526 | 150 300 333 . . 1151 259 . 37 . . . . 296 . Parts Sabotaged . | . . . . . . . . . . . . . . . Parts Stolen . | . . . . . . . . . . . . . . . Parts Stripped . | . . . . . . . . . . . . . . . Power Chain Reactions 4 | . . . . . 4 . . . . . . . . . Alert | -11 -10 -10 -10 -9 -8 -7 -6 -5 -5 -5 -5 -4 -4 -4 ------- Run | Yrd Mat Min Exi Min Mat Fac Fac Fac Was Fac DSF Fac Ext Cet Maximum Alert Level 1 | . . . . . 1 . . . . . . . . . Low Security (%) 94 | 100 100 100 . 100 78 100 100 100 100 100 100 100 100 100 Level 1 5 | . . . . . 21 . . . . . . . . . Level 2 . | . . . . . . . . . . . . . . . Level 3 . | . . . . . . . . . . . . . . . Level 4 . | . . . . . . . . . . . . . . . Level 5 . | . . . . . . . . . . . . . . . High Security . | . . . . . . . . . . . . . . . Max Security . | . . . . . . . . . . . . . . . Peak Influence 271 | 5 85 142 . . 271 105 69 160 52 29 15 15 34 9 Initial 105 | . 3 13 . . . 105 39 . 52 29 . 2 4 . Average 49 | . 28 47 . . 137 30 30 24 47 5 4 . 3 2 Influence Increases 2203 | 5 210 209 . . 951 218 140 239 . . 15 19 188 9 Destroy 0b10 Robot/C 920 | . 160 160 . . 460 20 . . . . . . 120 . Destroy 0b10 Robot/NC 75 | 5 . . . . 65 . . . . . . . 5 . Destroy Leader 210 | . 30 30 . . 150 . . . . . . . . . Allied During Kill 56 | . . . . . 50 . . . . . . . 6 . Trap Triggered on 0b10 80 | . . . . . 20 40 20 . . . . . . . Successful Hack 99 | . 20 . . . 18 12 15 14 . . . 4 7 9 Disable Machine 45 | . . . . . 45 . . . . . . . . . Destroy Structure 163 | . . 19 . . 113 11 . . . . . . 20 . Partial Spotted 90 | . . . . . . 15 60 15 . . . . . . Lose Combat Pursuer 465 | . . . . . 30 120 45 210 . . 15 15 30 . Influence Decreases 2194 | . 181 243 . . 719 368 222 89 108 42 10 15 197 . Entered New Map 312 | . 2 21 . . . 127 43 . 98 13 . 3 5 . Time Decay 1577 | . 179 212 . . 529 199 169 89 10 29 . 12 149 . Lost Part 186 | . . 10 . . 110 42 10 . . . 10 . 4 . Lost Ally 119 | . . . . . 80 . . . . . . . 39 . Squads Dispatched 18 | . 1 . . . 6 2 4 2 . 1 . . 2 . Investigation 7 | . . . . . 2 . 1 1 . 1 . . 2 . Extermination 3 | . . . . . . 1 1 1 . . . . . . Reinforcement 8 | . 1 . . . 4 1 2 . . . . . . . Assault . | . . . . . . . . . . . . . . . Garrison . | . . . . . . . . . . . . . . . Intercept . | . . . . . . . . . . . . . . . Searches Triggered . | . . . . . . . . . . . . . . . Construction Impeded 3 | . . . . . 2 1 . . . . . . . . Haulers Reinforced . | . . . . . . . . . . . . . . . Active Scanning Responses . | . . . . . . . . . . . . . . . Cargo Convoy Interrupts . | . . . . . . . . . . . . . . . Stealth | -11 -10 -10 -10 -9 -8 -7 -6 -5 -5 -5 -5 -4 -4 -4 --------- Run | Yrd Mat Min Exi Min Mat Fac Fac Fac Was Fac DSF Fac Ext Cet Distress Signals 9 | . 1 . . . 6 . . 1 . . . . . 1 Communications Jammed . | . . . . . . . . . . . . . . . Distress Signals . | . . . . . . . . . . . . . . . Times Spotted 134 | . 13 6 . . 38 16 11 13 4 . 2 12 14 5 Peak Tracking Total 12 | . 5 3 . . 8 6 6 8 4 . 1 12 5 5 Tactical Retreats 14 | . . . . . 1 4 2 3 . . 1 1 2 . Traps | -11 -10 -10 -10 -9 -8 -7 -6 -5 -5 -5 -5 -4 -4 -4 ------- Run | Yrd Mat Min Exi Min Mat Fac Fac Fac Was Fac DSF Fac Ext Cet Traps Triggered 9 | . 1 . . . 2 1 . 1 . . . . 4 . Indirectly . | . . . . . . . . . . . . . . . Trap Hack Attempts . | . . . . . . . . . . . . . . . Triggered . | . . . . . . . . . . . . . . . Disarmed . | . . . . . . . . . . . . . . . Reprogrammed . | . . . . . . . . . . . . . . . Reused 8 | . . . . . 2 4 2 . . . . . . . Traps Reconfigurated 18 | . . . . . 4 5 4 4 . 1 . . . . Traps Extracted . | . . . . . . . . . . . . . . . Installed . | . . . . . . . . . . . . . . . Triggered 8 | . . . . . 2 4 2 . . . . . . . Machines | -11 -10 -10 -10 -9 -8 -7 -6 -5 -5 -5 -5 -4 -4 -4 ---------- Run | Yrd Mat Min Exi Min Mat Fac Fac Fac Was Fac DSF Fac Ext Cet Machines Disabled 3 | . . . . . 3 . . . . . . . . . Max in Single Turn 2 | . . . . . 2 . . . . . . . . . Machines Repaired . | . . . . . . . . . . . . . . . Machines Dismantled . | . . . . . . . . . . . . . . . Machines Sabotaged . | . . . . . . . . . . . . . . . Overloaded Fab Kills . | . . . . . . . . . . . . . . . Hacking | -11 -10 -10 -10 -9 -8 -7 -6 -5 -5 -5 -5 -4 -4 -4 --------- Run | Yrd Mat Min Exi Min Mat Fac Fac Fac Was Fac DSF Fac Ext Cet Machines Accessed 35 | . 6 . 2 . 4 4 3 4 . 2 . 2 7 1 Terminals 25 | . 4 . . . 3 2 3 3 . 1 . 2 6 1 Fabricators 1 | . . . . . . . . 1 . . . . . . Repair Stations 1 | . 1 . . . . . . . . . . . . . Recycling Units 3 | . 1 . . . . . . . . 1 . . 1 . Scanalyzers 2 | . . . . . 1 1 . . . . . . . . Garrison Access 1 | . . . . . . 1 . . . . . . . . Total Hacks 86 | . 14 . 8 . 17 7 6 6 . 5 . 5 17 1 Successful 47 | . 8 . 8 . 10 2 2 3 . 4 . 2 7 1 Failed 38 | . 5 . . . 7 5 4 3 . 1 . 3 10 . Catastrophic 7 | . 1 . . . 1 2 . 1 . . . . 2 . Database Lockouts 1 | . 1 . . . . . . . . . . . . . Manual 44 | . 14 . 1 . 13 3 6 3 . . . . 4 . Terminals 56 | . 10 . . . 13 3 6 4 . 2 . 5 12 1 Fabricators 2 | . . . . . . . . 2 . . . . . . Repair Stations 2 | . 2 . . . . . . . . . . . . . Recycling Units 10 | . 2 . . . . . . . . 3 . . 5 . Scanalyzers 6 | . . . . . 4 2 . . . . . . . . Garrison Access 2 | . . . . . . 2 . . . . . . . . Terminal Hacks 24 | . 3 . 8 . 4 . 2 . . 1 . 2 3 1 Record 8 | . . . 7 . . . . . . . . . 1 . Prototype ID Bank 2 | . 1 . . . 1 . . . . . . . . . Open Door 4 | . . . . . . . . . . . . 1 2 1 Open DSF 2 | . . . . . . . . . . 1 . 1 . . Level Access Points 1 | . . . . . . . 1 . . . . . . . Terminal Index 2 | . . . . . 1 . 1 . . . . . . . Locate Traps 1 | . 1 . . . . . . . . . . . . . Patrol Status 1 | . . . . . 1 . . . . . . . . . Hauler Manifests 2 | . 1 . . . 1 . . . . . . . . . Proto ID Catalog 1 | . . . 1 . . . . . . . . . . . Fabricator Hacks 2 | . . . . . . . . 2 . . . . . . Load Schematic 1 | . . . . . . . . 1 . . . . . . Build 1 | . . . . . . . . 1 . . . . . . Repair Station Hacks 2 | . 2 . . . . . . . . . . . . . Scan Component 1 | . 1 . . . . . . . . . . . . . Repair 1 | . 1 . . . . . . . . . . . . . Recycling Unit Hacks 6 | . . . . . . . . . . 3 . . 3 . Process 2 | . . . . . . . . . . 1 . . 1 . Retrieve Matter 4 | . . . . . . . . . . 2 . . 2 . Scanalyzer 5 | . . . . . 4 1 . . . . . . . . Insert Component 3 | . . . . . 2 1 . . . . . . . . Analyze 2 | . . . . . 2 . . . . . . . . . Garrison Access Hacks . | . . . . . . . . . . . . . . . Unauthorized Hacks 8 | . 3 . . . 2 1 . 1 . . . . 1 . Terminals 8 | . 3 . . . 2 1 . 1 . . . . 1 . Botnet 8 | . 3 . . . 2 1 . 1 . . . . 1 . Fabricators . | . . . . . . . . . . . . . . . Repair Stations . | . . . . . . . . . . . . . . . Recycling Units . | . . . . . . . . . . . . . . . Scanalyzers . | . . . . . . . . . . . . . . . Garrison Access . | . . . . . . . . . . . . . . . Data Cores Recovered . | . . . . . . . . . . . . . . . Used . | . . . . . . . . . . . . . . . Hacking Detections 25 | . 5 . . . 4 3 2 3 . 2 . . 6 . Full Trace Events 4 | . . . . . . . 1 1 . 1 . . 1 . Feedback Events . | . . . . . . . . . . . . . . . Feedback Blocked . | . . . . . . . . . . . . . . . Robot Schematics Acquired . | . . . . . . . . . . . . . . . Robots Built . | . . . . . . . . . . . . . . . Authchips . | . . . . . . . . . . . . . . . Time . | . . . . . . . . . . . . . . . Total Robot Build Rating . | . . . . . . . . . . . . . . . Part Schematics Acquired 2 | . . . . . 2 . . . . . . . . . Parts Built 2 | . . . . . . . . 2 . . . . . . Authchips . | . . . . . . . . . . . . . . . Time 84 | . . . . . . . . 84 . . . . . . Total Part Build Rating 8 | . . . . . . . . 8 . . . . . . Parts Repaired 1 | . 1 . . . . . . . . . . . . . Time 26 | . 26 . . . . . . . . . . . . . Parts Recycled . | . . . . . . . . . . . . . . . Recycled Matter 178 | . . . . . . . . . . 131 . . 47 . Retrieved Matter 178 | . . . . . . . . . . 131 . . 47 . Retrieved Components . | . . . . . . . . . . . . . . . Parts Scanalyzed 3 | . . . . . 2 1 . . . . . . . . Part Schematics Acquired 2 | . . . . . 2 . . . . . . . . . Parts Damaged 1 | . . . . . . 1 . . . . . . . . Bothacking | -11 -10 -10 -10 -9 -8 -7 -6 -5 -5 -5 -5 -4 -4 -4 ------------ Run | Yrd Mat Min Exi Min Mat Fac Fac Fac Was Fac DSF Fac Ext Cet Used RIF Installer . | . . . . . . . . . . . . . . . Robots Hacked . | . . . . . . . . . . . . . . . Non-combat . | . . . . . . . . . . . . . . . Combat . | . . . . . . . . . . . . . . . Robot Hacks Applied . | . . . . . . . . . . . . . . . Relay Couplers Released . | . . . . . . . . . . . . . . . Fabnet Peak Effective % . | . . . . . . . . . . . . . . . Robots Rewired 6 | . . . . . . . . . . . . . 6 . Allies Hacked . | . . . . . . . . . . . . . . . Hacks Repelled . | . . . . . . . . . . . . . . . Allies | -11 -10 -10 -10 -9 -8 -7 -6 -5 -5 -5 -5 -4 -4 -4 -------- Run | Yrd Mat Min Exi Min Mat Fac Fac Fac Was Fac DSF Fac Ext Cet Total Allies 13 | . . 3 . 1 . . . . . . . . 9 . Largest Group 4 | . . 3 3 4 4 . . . . . . . 4 . Highest-Rated Group 172 | . . 40 40 71 71 . . . . . . . 172 . Highest-Rated Ally 51 | . . 16 16 31 31 . . . . . . . 51 . Total Orders 2 | . . . . . . . . . . . . . 2 . GUARD 2 | . . . . . . . . . . . . . 2 . Ally Attacks 113 | . . . . . 84 . . . . . . . 29 . Total Damage 1541 | . . . . . 889 . . . . . . . 652 . Kills 12 | . . . . . 8 . . . . . . . 4 . Allies Corrupted . | . . . . . . . . . . . . . . . Allies Melted . | . . . . . . . . . . . . . . . Intel | -11 -10 -10 -10 -9 -8 -7 -6 -5 -5 -5 -5 -4 -4 -4 ------- Run | Yrd Mat Min Exi Min Mat Fac Fac Fac Was Fac DSF Fac Ext Cet Active Infowar (turns) 7313 | 11 511 602 1045 54 1569 619 454 388 34 222 55 302 1447 . Optics 4305 | . . . . . 1290 532 285 138 34 222 55 302 1447 . Terrain 427 | . . . . . . 427 . . . . . . . . Traps 1750 | . . . . . . 609 454 388 34 222 43 . . . Seismic 2589 | 11 511 602 1045 54 366 . . . . . . . . . Robot Analysis Total . | . . . . . . . . . . . . . . . Derelict Logs Recovered 1 | . . . . 1 . . . . . . . . . . Drone Launches . | . . . . . . . . . . . . . . . Drone Recoveries . | . . . . . . . . . . . . . . . Exploration | -11 -10 -10 -10 -9 -8 -7 -6 -5 -5 -5 -5 -4 -4 -4 ------------- Run | Yrd Mat Min Exi Min Mat Fac Fac Fac Was Fac DSF Fac Ext Cet Turns Passed 7600 | 98 537 602 1045 54 1648 619 454 388 34 222 55 302 1503 39 Spaces Moved 5269 | 39 232 213 408 29 849 940 641 361 71 251 34 190 936 75 Core 1058 | 7 . . . . . 55 195 361 41 . 13 58 253 75 Treads 1206 | 32 232 114 . . . . . . . . 13 132 683 . Legs 1354 | . . 99 408 29 818 . . . . . . . . . Wheels . | . . . . . . . . . . . . . . . Hover . | . . . . . . . . . . . . . . . Flight 1651 | . . . . . 31 885 446 . 30 251 8 . . . Fastest Speed 29 | 50 160 240 190 190 31 29 29 50 35 32 35 50 50 50 Average Speed 111 | 144 184 249 255 190 155 33 38 53 43 34 126 126 134 50 Slowest Speed 330 | 160 240 260 260 190 330 150 50 150 50 35 160 160 160 50 Overloaded Moves . | . . . . . . . . . . . . . . . Propulsion Burnouts . | . . . . . . . . . . . . . . . Robots Hopped 18 | . . . . . . 11 7 . . . . . . . Potential Cave-ins . | . . . . . . . . . . . . . . . Cave-ins Triggered . | . . . . . . . . . . . . . . . Exploration Rate (%) 36 | 3 49 33 89 9 54 24 19 10 91 9 41 4 69 50 Regions Visited 14 Branch Regions 5 Pre-discovered Areas 1 | . . . . 1 . . . . . . . . . . Known Exits Taken 4 | . . . . . 1 . 1 . . 1 . 1 . . Unknown Exits Taken 7 | 1 1 1 1 1 . 1 . . . . . . 1 . Scrap Searched 1 | . . 1 . . . . . . . . . . . . Spaces Dug 1 | . . . . . . . . . . . . . 1 . Terrain Destroyed 144 | . . 19 . . 112 9 . . . . . . 4 . Melee 1 | . . . . . . . . . . . . . 1 . Projectile 3 | . . . . . . . . . . . . . 3 . AOE 140 | . . 19 . . 112 9 . . . . . . . . Terrain Rammed . | . . . . . . . . . . . . . . . Walls Destroyed . | . . . . . . . . . . . . . . . Machines Disabled . | . . . . . . . . . . . . . . . Actions | -11 -10 -10 -10 -9 -8 -7 -6 -5 -5 -5 -5 -4 -4 -4 --------- Run | Yrd Mat Min Exi Min Mat Fac Fac Fac Was Fac DSF Fac Ext Cet Total 6681 | 59 296 259 413 28 1060 1210 842 552 72 385 43 251 1135 76 Wait 1037 | . 28 19 . . 53 251 200 176 . 131 2 56 121 . Move 5221 | 38 231 212 407 28 848 918 626 361 70 250 33 189 935 75 Hop 17 | . . . . . . 10 7 . . . . . . . Pick Up 40 | 3 3 8 2 . 13 . . 2 1 . 2 1 5 . Fast Attach 55 | 7 1 . . . 16 8 2 1 1 1 5 . 13 . Attach 26 | . . 2 . . 12 2 3 2 . 3 . . 2 . Detach 10 | . . 1 . . 4 3 2 . . . . . . . Swap 32 | 1 2 3 1 . 19 3 . . . . 1 1 1 . Drop 35 | . . . 3 . 24 5 1 . . . . 2 . . Fire 138 | 10 31 14 . . 66 10 . 1 . . . . 6 . Melee 9 | . . . . . . . . . . . . . 9 . Ram 12 | . . . . . . . 1 7 . . . 2 1 1 Kick 5 | . . . . . 5 . . . . . . . . . Crush 4 | . . . . . . . . . . . . . 4 . Escape Stasis . | . . . . . . . . . . . . . . . Rewire 40 | . . . . . . . . 2 . . . . 38 . Trap . | . . . . . . . . . . . . . . . Miscellaneous . | . . . . . . . . . . . . . . . Route ------- -11/Scrapyard -10/Materials (discovered 2 exits: [*Mat] / [*Min]) -10/Mines -10/Exiles -9/Mines -8/Materials (discovered 2 exits: *Fac / [*Sto]) -7/Factory -6/Factory (discovered 4 exits: *Fac x4) -5/Factory -5/Waste -5/Factory (discovered 2 exits: *Upp / DSF) -5/DSF -4/Factory -4/Extension (discovered 2 exits: [*Res] / *Cet) -4/Cetus History --------- Turn | Location | Event 12 | -11/Scrapyard | Discovered new exit (range 14) 99 | -11/Scrapyard | Entered Materials 107 | -10/Materials | Central database locked down 318 | -10/Materials | Build established: Mutant 389 | -10/Materials | Repaired Seismic Detector 473 | -10/Materials | Discovered new exit (range 15) 584 | -10/Materials | Discovered new exit (range 16) 636 | -10/Materials | Entered Mines 965 | -10/Mines | Core integrity fell below 50% 1105 | -10/Mines | Assisted by bots powering up and referring to "LRC-V3" 1225 | -10/Mines | Deemed a non-threat by the Exiles lab entrance 1228 | -10/Mines | Discovered new exit (range 5) 1238 | -10/Mines | Entered Exiles 1238 | -10/Exiles | Accompanied by 3 allies 1303 | -10/Exiles | Met 8R-AWN 1345 | -10/Exiles | Met EX-HEX 1439 | -10/Exiles | Met EX-BIN 1470 | -10/Exiles | Aligned with FarCom system 1472 | -10/Exiles | Given EX-Vault access code 1558 | -10/Exiles | Opened EX-Vault 1576 | -10/Exiles | Found Gui. Plasma Cannon 1581 | -10/Exiles | Found Trap Reconfigurator 1660 | -10/Exiles | Warned to stay clear of 0b10 Research branches 1727 | -10/Exiles | Met EX-DEC 1809 | -10/Exiles | Visited The Gauntlet 2266 | -10/Exiles | Discovered new exit (range 10) 2283 | -10/Exiles | Left Exiles lab with Trap Reconfigurator 2283 | -10/Exiles | Entered Mines 2283 | -9/Mines | Accompanied by 3 allies 2283 | -9/Mines | Discovered new exit (range 11) 2286 | -9/Mines | Received a Mining Laser from a helpful Derelict 2301 | -9/Mines | Learned location of Zion (-7) 2337 | -9/Mines | Entered Materials 2337 | -8/Materials | Accompanied by 4 allies 2337 | -8/Materials | Evolved 4 slots: Propulsion x2, Utility x2 2396 | -8/Materials | Discovered new exit (range 6) 2977 | -8/Materials | Lost 6 parts (1p3n2w) 2982 | -8/Materials | Destroyed 8 combat bots 3237 | -8/Materials | Discovered new exit (range 7) 3297 | -8/Materials | Identified exit to Factory 3883 | -8/Materials | Core integrity fell below 50% 3919 | -8/Materials | Lost 3 parts (2n1w) 3985 | -8/Materials | Entered Factory 3985 | -7/Factory | Evolved 2 slots: Utility x2 4269 | -7/Factory | Build established: Scout 4584 | -7/Factory | Lost 5 parts (1p1n2u1w) 4600 | -7/Factory | Discovered new exit (range 9) 4604 | -7/Factory | Entered another Factory area 4604 | -6/Factory | Evolved 2 slots: Propulsion x1, Utility x1 4632 | -6/Factory | Identified exit to Factory 5058 | -6/Factory | Entered another Factory area 5058 | -5/Factory | Evolved 2 slots: Power x1, Propulsion x1 5088 | -5/Factory | Lost 4 parts (4n) 5246 | -5/Factory | Fabricated Xenon Bombardment Thruster? 5446 | -5/Factory | Manually triggered Chute Trap 5446 | -5/Factory | Sucked down chute 5446 | -5/Factory | Entered Waste 5452 | -5/Waste | Spotted C-40 Crusher 5461 | -5/Waste | EMP discharged 5461 | -5/Waste | System corruption reached 10% 5464 | -5/Waste | Spotted C-40 Crusher 5464 | -5/Waste | Spotted C-40 Crusher 5469 | -5/Waste | Spotted C-40 Crusher 5471 | -5/Waste | Spotted C-40 Crusher 5476 | -5/Waste | Discovered new exit (range 11) 5480 | -5/Waste | Entered Factory 5537 | -5/Factory | Discovered new exit (range 8) 5539 | -5/Factory | Identified exit to Upper Caves 5702 | -5/Factory | Identified exit to DSF 5702 | -5/Factory | Entered DSF 5708 | -5/DSF | Discovered new exit (range 19) 5733 | -5/DSF | Additional patrols routed to DSF 5755 | -5/DSF | Identified exit to Factory 5757 | -5/DSF | Entered Factory 5757 | -4/Factory | Evolved 2 slots: Utility x2 5776 | -4/Factory | Lost 4 parts (2n2u) 6021 | -4/Factory | Build established: Mutant 6057 | -4/Factory | Discovered new exit (range 6) 6058 | -4/Factory | Identified exit to Extension 6059 | -4/Factory | Entered Extension 6088 | -4/Extension | Found Quantum Capacitor 6101 | -4/Extension | Rescued a captive Derelict 6264 | -4/Extension | Lost 3 allies 6843 | -4/Extension | Rescued a captive Derelict 6845 | -4/Extension | Rescued a captive Derelict 6874 | -4/Extension | Spotted B-86 Titan 7499 | -4/Extension | Spotted B-86 Titan 7506 | -4/Extension | Released all parts (16) 7554 | -4/Extension | Discovered new exit (range 16) 7555 | -4/Extension | Core integrity fell below 50% 7555 | -4/Extension | Discovered new exit (range 14) 7562 | -4/Extension | Entered Cetus 7569 | -4/Cetus | Spotted Cetus Guard 7569 | -4/Cetus | Spotted Cetus Guard 7571 | -4/Cetus | Spotted Cetus Guard 7571 | -4/Cetus | Spotted Cetus Guard 7579 | -4/Cetus | Core integrity fell below 20% 7601 | -4/Cetus | Destroyed by Cetus Guard with Advanced KE Penetrator Last Messages --------------- 07550_ Slug penetrates Wall. 07552_ Penetrated by Slug. 07554_ EXIT=FOUND 07556_ Penetrated by Slug. LOCATION=UNKNOWN GOAL=ESCAPE 07562_ Receiving FarCom transmissions... 07570_ Penetrated by Slug. 07572_ Slug penetrates Wall. 07575_ Penetrated by Slug. 07576_ Slammed into Cetus Guard. 07578_ System corrupted: Matter fused (-6). 07578_ Penetrated by Slug. 07581_ Slug penetrates Wall. 07584_ Penetrated by Slug. 07590_ Connecting with Cetus Terminal... 07590_ Current location identified: Cetus >>Open(Door) Sealed Heavy Doors opened. 07601_ Penetrated by Slug. Map ----- +----------------------------------------------------+ | ?????????????????????????????????????????????????? | | ?????????????????????????????????????????????????? | | ?????????????????????????????????????????????????? | | ?????????????????????????????????????????????????? | | ?????????????????????????????????????????????????? | | ?????????????????????????????????????????????????? | | ?????????????????????????????????????????????????? | | ?????????????????????????????????????????????????? | | ?????????????????????????????????????????????????? | | ?????????????????????????????????????????????????? | | ?????????????????????????????????????????????????? | | ?????????????????????????????????????????????????? | | ?????????#???#???????????????????????????????????? | | ??????""" """ """????????????????????????????????? | | ???# " """"""" " ?"????????????????????????????? | | ???#"""""""""""""""#"######??????????????????????? | | ???#""""" """ """""#""""""#??????????????????????? | | ???#""""""" """""""#" ""#??????????????????????? | | ???#""" " " """#T ""#??????????????????????? | | ####" """ """ "#" ""#??????????????????????? | | "## #??????????????????????? | | " Y +??????????????????????? | | / Y +??????????????????????? | | " Y +??????????????????????? | | ###" #??????????????????????? | | ##?#" "" """"""""#T @#??????????????????????? | | ???######++############ #######????????????????? | | ???????????????# #????????????????? | | ???????????????# " #????????????????? | | ???????????????# """""" " " #????????????????? | | ???????????????# " " " """ #????????????????? | | ???????????????# """""" " #????????????????? | | ????????????????" """"""""" #????????????????? | | ???????????????#""""""""""" "#????????????????? | | ????????????????" """"""""""""#????????????????? | | ???????????????????????"""" "#????????????????? | | ????????????????????????""" #????????????????? | | ????????????????????????" #????????????????? | | ???????????????????????" "#????????????????? | | ???????????????????????"""""""""#????????????????? | | ??????????????????????? "?????????????????? | | ????????????????????????? ?????????????????? | | ???????????????????????????####??????????????????? | | ?????????????????????????????????????????????????? | | ?????????????????????????????????????????????????? | | ?????????????????????????????????????????????????? | | ?????????????????????????????????????????????????? | | ?????????????????????????????????????????????????? | | ?????????????????????????????????????????????????? | | ?????????????????????????????????????????????????? | +----------------------------------------------------+ Best States ------------- Heat Dissipation 69 Energy Generation 33 Energy Capacity 530 Matter Stores 300 Matter Capacity 300 Sight Range 20 Terrain Scan Range 16 Terrain Scan Density 210 Additional Mass Support 9 Armor Coverage 375 Propulsion Shielding 66 Evasion (%) 64 Targeting Accuracy 8 Recoil Reduction 6 Offensive Hacking 10 Item Schematics ----------------- Xenon Bombardment Thruster | -8/Materials | Scanalyzed Hrd. Light Armor Plating | -8/Materials | Scanalyzed Robot Schematics ------------------ None Fabricated ------------ Xenon Bombardment Thruster | x2 | -5/Factory Repaired ---------- Seismic Detector | 40% | -10/Materials Alien Tech Used ----------------- None Achievements -------------- None Challenges ------------ None Game ------ Seed BombardmentGatlingDetector Manual? 0 Play Time 01:16:40 Cumulative 41.7 hours Start 2025.05.23 @ 10:56:41 End 2025.05.23 @ 12:34:48 Sessions 1 Manual Loads 0 Difficulty Rogue Special Mode None Game No. 49 Rogue 49 Adventurer 0 Explorer 0 Win Type - Total 0 Types 0/0/0/0/0/0/0/0/0/0 Lore% 19 Gallery% 30 Achievement% 33 Wizard Run 0 Options --------- Layout 0 ASCII 0 Keyboard 0 Movement Numpad Keybinds 0 Fullscreen 1 Font 18/SmallcapsGlow Map View 76x50 Zoom Use 0% Tactical HUD 1 Map Filters NONE Filters NONE Steam 1 RUN: 953275b2-e863-4dcd-9a04-66ab0abeddb2